 Dungeon Crawl Stone Soup version 0.30.0-3-ga4e48a9924 (webtiles) character file.

Game seed: 4193454386895149532

243 trckry the Cudgeller (level 5, -10/42 HPs)
             Began as a Demonspawn Wanderer on May 7, 2023.
             Was a Plaything of Xom.
             Killed by divine providence
             ... invoked by an orc priest
              (13 damage)
             ... on level 4 of the Dungeon.
             The game lasted 00:06:44 (2494 turns).

trckry the Cudgeller (Demonspawn Wanderer)          Turns: 2494, Time: 00:06:44

Health: -10/42     AC: 19    Str: 15    XL:     5   Next: 82%
Magic:  6/6        EV:  6    Int: 14    God:    Xom [..*...]
Gold:   180        SH:  3    Dex:  8    Spells: 5/6 levels left

rFire   . . .        a - +0 flail
rCold   . . .        b - +0 buckler
rNeg    . . .        d - +0 chain mail
rPois   .            (helmet restricted)
rElec   +            (no cloak)
rCorr   .            x - +2 pair of gloves of Iwneedd {+Blink Fly rElec Dex-3}
SInv    .            q - +0 pair of boots
Will    .....        (no amulet) Stlth
                     r - +4 ring of protection
HPRegen 0.27/turn    (no ring)
MPRegen 0.10/turn

%: no passive effects
@: on berserk cooldown, flying, slowed, very slow
A: horns 2, rugged brown scales 2
a: Renounce Religion, Evoke Blink


You were on level 4 of the Dungeon.
You worshipped Xom.
You were a toy of Xom.
You visited 1 branch of the dungeon, and saw 4 of its levels.

You collected 180 gold pieces.

Inventory:

Hand Weapons
 a - a +0 flail (weapon)
Missiles
 s - 6 poisoned darts
Armour
 b - a +0 buckler (worn)
 d - a +0 chain mail (worn)
 q - a +0 pair of boots (worn)
 x - the +2 pair of gloves of Iwneedd (worn) {+Blink Fly rElec Dex-3}
   (You found it on level 2 of the Dungeon)

   Dex:       It affects your dexterity (-3).
   rElec:     It insulates you from electricity.
   Fly:       It grants you flight.
   +Blink:    It lets you blink.
Jewellery
 r - a +4 ring of protection (left hand)
Scrolls
 e - a scroll of immolation {unknown}
 k - 2 scrolls of teleportation {unknown}
 l - 2 scrolls of enchant armour {unknown}
 n - a scroll of noise {unknown}
 t - a scroll of fog {unknown}
 v - a scroll of enchant weapon {unknown}
 w - a scroll of poison {unknown}
 y - a scroll of torment {unknown}
Potions
 f - a potion of brilliance {unknown}
 g - a potion of magic {unknown}
 h - a potion of degeneration {unknown}
 i - a potion of resistance {unknown}
 j - a potion of haste {unknown}
 m - a potion of mutation {unknown}
 o - a potion of flight {unknown}
 p - a potion of attraction {unknown}
 u - a potion of might {unknown}
 z - a potion of curing {unknown}


   Skills:
 + Level 2.9 Fighting
 * Level 3.8 Maces & Flails
 + Level 2.4 Armour
 - Level 1.0 Stealth
 + Level 2.0 Shields
 - Level 1.0 Spellcasting
 - Level 3.2 Necromancy
 + Level 1.5 Evocations


You had 5 spell levels left.
You knew the following spells:

 Your Spells              Type           Power      Damage    Failure   Level
a - Necrotise             Necr           36%        1d5       80%         1

Your spell library contained the following spells:

 Spells                   Type           Power      Damage    Failure   Level
 Sandblast                Erth           0%         2d4       99%         1
 Vampiric Draining        Necr           9%         2d6       99%         3
 Passwall                 Tmut/Erth      0%         N/A       100%        2
 Stone Arrow              Conj/Erth      0%         3d7       100%        3


Dungeon Overview and Level Annotations

Branches:
Dungeon (4/15) Zot: 21458
 Temple: D:4-7

Altars:
Wu Jian
Xom


Innate Abilities, Weirdness & Mutations

You have a pair of horns on your head.
You are mostly covered in rugged brown scales. (AC +2, +5% HP)


Message History

You hit the orc priest.
The orc priest is moderately wounded.
You barely miss the orc priest. Your headbutt misses the orc priest.
The orc priest is moderately wounded.
The orc priest calls down the wrath of Beogh upon you.
Pain shoots through your body!
* * * LOW HITPOINT WARNING * * *
The orc priest hits you with a +0 flail.
* * * LOW HITPOINT WARNING * * *
You barely miss the orc priest.
The orc priest is moderately wounded.
The orc priest hits you but does no damage.
The orc priest closely misses you.
You barely miss the orc priest. You headbutt the orc priest!
The orc priest is almost dead.
The orc priest mumbles some strange prayers to Beogh against you.
Beogh smites you!
* * * LOW HITPOINT WARNING * * *
The orc priest hits you but does no damage.
You hit the orc priest.
You kill the orc priest!
The orc hits you but does no damage.
The orc priest hits you but does no damage.
Your Shields skill increases to level 2!
You are no longer berserk.
You are exhausted.
You feel yourself slow down.
There is a stone staircase leading up here.
You feel much better.
The orc priest invokes the aid of Beogh against you.
Beogh smites you!
You barely miss the orc priest. You headbutt the orc priest!
The orc priest is heavily wounded.
The orc priest mumbles some strange prayers to Beogh against you.
Beogh smites you!
* * * LOW HITPOINT WARNING * * *
The orc priest calls down the wrath of Beogh upon you.
Beogh smites you!
You die...
Xom laughs nastily!

.# .# .## ##..
## #..##..#o
.######..§...o.
......§o§#
.######o## #@#
#.# ..# #...
##.# #.# ..#
...


You could see an orc priest and an orc.

Vanquished Creatures
  A black bear (D:3)
  3 orc priests
  2 adders
  A worm (D:2)
  A dart slug (D:3)
  3 orcs
  An endoplasm (D:2)
  3 giant cockroaches (D:1)
  7 goblins
  A hobgoblin (D:1)
  2 quokkas
  5 ball pythons
  3 bats
  3 frilled lizards
  7 kobolds
  3 rats
46 creatures vanquished.

Notes
Turn   | Place    | Note
-------+----------+-------------------------------------------
     0 | D:1      | trckry the Demonspawn Wanderer began the quest for the Orb.
     0 | D:1      | trckry set off with the following items: a +0 flail, a +0
                  | buckler, a potion of heal wounds, a +0 robe; and the
                  | following spell memorised: Necrotise; and the following
                  | spells available to memorise: Vampiric Draining.
     0 | D:1      | Reached XP level 1. HP: 15/15 MP: 2/2
   224 | D:1      | Reached skill level 1 in Armour
   224 | D:1      | Gained mutation: You are partially covered in rugged brown
                  | scales. (AC +1, +3% HP) [demonic ancestry]
   224 | D:1      | Reached XP level 2. HP: 15/21 MP: 3/3
   879 | D:2      | Identified the +7 spear of Bodily Humours {heavy, rN+
                  | Int+4}
  1025 | D:2      | Gained mutation: You have a pair of small horns on your
                  | head. [demonic ancestry]
  1025 | D:2      | Reached XP level 3. HP: 27/27 MP: 4/4
  1139 | D:2      | Found an ornate altar of the Wu Jian Council.
  1421 | D:2      | Identified the +2 pair of gloves of Iwneedd {+Blink Fly
                  | rElec Dex-3}
  1638 | D:3      | Noticed a black bear
  1926 | D:3      | Found a faded altar of an unknown god.
  1959 | D:3      | Prayed at the altar of an unknown god.
  1959 | D:3      | Became a worshipper of Xom of Chaos
  2017 | D:3      | Killed a black bear
  2018 | D:3      | Reached skill level 1 in Evocations
  2018 | D:3      | Gained mutation: You have a pair of horns on your head.
                  | [demonic ancestry]
  2018 | D:3      | Reached XP level 4. HP: 8/35 MP: 5/5
  2018 | D:3      | Gained mutation: You are mostly covered in rugged brown
                  | scales. (AC +2, +5% HP) [demonic ancestry]
  2018 | D:3      | Reached XP level 5. HP: 8/40 MP: 6/6
  2088 | D:3      | XOM: silly message
  2228 | D:3      | XOM: potion effect (might)
  2231 | D:3      | XOM: potion effect (brilliance)
  2410 | D:3      | XOM: silly message
  2481 | D:4      | XOM: potion effect (berserk rage)
  2484 | D:4      | XOM: smoke on damage
  2490 | D:4      | HP: 2/63 [orc priest/divine providence (8)]
  2494 | D:4      | Killed from afar by an orc priest

Illustrated notes

Levels and vault maps discovered:
D:1:      heliophobic_arrival_glass_houses, layout_rooms, chequers_arboretum,
          corexii_corridor_pit, item_on_display_a
D:2:      layout_loops_ring, basic_altar
D:3:      layout_loops_cross, shapermc_ecumenical_altar_starsandcircs
D:4:      layout_rooms, fedhas_altar_4, st_stairs_1, uniq_grinder, uniq_menkaure

Skill      XL: |  1  2  3  4  5 |
---------------+----------------+-----
Armour         | 1 2 |  2.4
Fighting       | 2 |  2.9
Maces & Flails | 3 |  3.8
Evocations     | 1 |  1.5
Shields        | 2 |  2.0
Stealth        | |  1.0
Spellcasting   | |  1.0
Necromancy     | |  3.2

Action                     |  1- 3 |  4- 6 || total
---------------------------+-------+-------++-------
  Melee: Flail             |   140 |    18 ||   158
         Spear             |     3 |       ||     3
         Headbutt          |     5 |     4 ||     9
    Use: Potion            |       |     1 ||     1
   Stab: Sleeping          |     4 |       ||     4
 Armour: Robe              |    40 |       ||    40
         Chain mail        |    27 |     8 ||    35
  Dodge: Dodged            |    79 |     7 ||    86
  Block: Buckler           |    19 |       ||    19
